 Dungeon Crawl Stone Soup version 0.31.0-32-g396128a36d (webtiles) character file.

Game seed: 1240191810965375330

1786937 concernfroge the Slayer (level 26, 211/211 HPs)
             Began as a Minotaur Berserker on Apr 17, 2024.
             Was a High Priest of Trog.
             Escaped with the Orb
             ... and 3 runes on Apr 19, 2024!
             The game lasted 06:42:16 (61274 turns).

concernfroge the Slayer (Minotaur Berserker)       Turns: 61274, Time: 06:42:16

Health: 211/211    AC: 30    Str: 39    XL:     26   Next: 70%
Magic:  19/19      EV: 18    Int: 10    God:    Trog [*****.]
Gold:   2177       SH: 27    Dex: 10    Spells: 25/25 levels left

rFire   + + .        b - +11 morningstar of Ashenzari's Delight {heavy, rElec rPois Str+2}
rCold   + . .        Y - +0 tower shield
rNeg    + . .        X - quicksilver dragon scales of the Yeti {Will+ Regen+ Int+4}
rPois   +            (helmet restricted)
rElec   +            o - +2 cloak {rCorr}
rCorr   +            U - +1 pair of gloves of Feasting {rC+ Will+ Int+3 Slay+2}
SInv    +            g - +2 pair of boots
Will    +++..        M - amulet of Dohe Nasa {Reflect rF+ rN+ SH+5 Stlth+}
Stlth   +            O - ring of see invisible
HPRegen 1.35/turn    J - ring of protection from fire
MPRegen 0.16/turn

%: reflection
@: no status effects
A: horns 2, retaliatory headbutt, talons 1, frail 2, low MP 1, poison
resistance, strong 1
0: Orb of Zot
}: 3/15 runes: decaying, silver, gossamer
a: Renounce Religion, Berserk, Trog's Hand, Brothers in Arms


You escaped.
You worshipped Trog.
Trog was extremely pleased with you.
You visited 10 branches of the dungeon, and saw 48 of its levels.
You also visited: Ossuary, Ice Cave and Volcano.

You collected 7426 gold pieces.
You spent 5249 gold pieces at shops.

Inventory:

Hand Weapons
 a - the +8 war axe "Bigudes" {holy, rPois MP+9 Int+3}
   (You found it on level 8 of the Dungeon)

   Int+3:     It affects your intelligence (+3).
   rPois:     It protects you from poison MP+9: It affects your magic capacity
   (+9).
 b - the +11 morningstar of Ashenzari's Delight (weapon) {heavy, rElec rPois Str+2}
   (You found it on level 5 of the Lair of Beasts)

   Str+2:     It affects your strength (+2).
   rElec:     It insulates you from electricity.
   rPois:     It protects you from poison
Missiles
 f - 138 poisoned darts
 l - 6 datura-tipped darts
 n - 11 javelins
 t - 6 throwing nets
 F - 10 curare-tipped darts
 I - 20 boomerangs (quivered)
 K - 2 darts of dispersal
 Z - 9 atropa-tipped darts
Armour
 g - a +2 pair of boots (worn)
 o - a +2 cloak of preservation (worn)
 T - a +3 plate armour of cold resistance
 U - the +1 pair of gloves of Feasting (worn) {rC+ Will+ Int+3 Slay+2}
   (You found it on level 2 of the Lair of Beasts)

   Int+3:     It affects your intelligence (+3).
   Slay+2:    It affects your accuracy & damage with ranged weapons and melee
   (+2).
   rC+:       It protects you from cold.
   Will+:     It increases your willpower.
 X - the quicksilver dragon scales of the Yeti (worn) {Will+ Regen+ Int+4}
   (You bought it in a shop on level 3 of the Vaults)

   Int+4:     It affects your intelligence (+4).
   Will+:     It increases your willpower.
   Regen+:    It increases your rate of health regeneration.
 Y - a +0 tower shield (worn)
Jewellery
 h - the amulet of Fezeoj {Will++ Regen+ Dex+3}
   (You bought it in a shop on level 8 of the Dungeon)

   [amulet of regeneration]

   Dex+3:     It affects your dexterity (+3).
   Will++:    It greatly increases your willpower.
   Regen+:    It increases your rate of health regeneration.
 q - an amulet of the acrobat
 J - a ring of protection from fire (right hand)
 M - the amulet of Dohe Nasa (around neck) {Reflect rF+ rN+ SH+5 Stlth+}
   (You bought it in a shop on level 3 of the Vaults)

   [amulet of reflection]

   Reflect:   It reflects blocked missile attacks.
   rF+:       It protects you from fire.
   rN+:       It protects you from negative energy.
   SH+5:      It affects your SH (+5).
   Stlth+:    It makes you more stealthy.
 O - a ring of see invisible (left hand)
Wands
 r - a wand of roots (26)
 s - a wand of polymorph (27)
 v - a wand of charming (38)
 G - a wand of digging (6)
 P - a wand of quicksilver (16)
 Q - a wand of flame (96)
 S - a wand of mindburst (23)
Scrolls
 c - 3 scrolls of noise
 d - 6 scrolls of fog
 k - 3 scrolls of blinking
 m - 6 scrolls of teleportation
 p - 12 scrolls of fear
 w - 9 scrolls of vulnerability
 z - 7 scrolls of poison
 A - 4 scrolls of immolation
Potions
 e - 3 potions of heal wounds
 j - 6 potions of cancellation
 u - 21 potions of curing
 C - 3 potions of resistance
 D - 2 potions of mutation
 H - a potion of invisibility
 L - 10 potions of lignification
 V - a potion of experience
Miscellaneous
 i - a lightning rod (4/4)
 y - a phantom mirror (inert)
 B - a box of beasts (inert)
 E - a phial of floods
 R - a tin of tremorstones (2/2)


   Skills:
 + Level 26.5 Fighting
 - Level 13.8(16.1) Axes
 - Level 13.6(16.0) Maces & Flails
 - Level 16.0 Throwing
 - Level 24.0 Armour
 - Level 20.0 Dodging
 - Level 24.0 Shields
 - Level 16.0 Evocations


You had 25 spell levels left.
You didn't know any spells.
Your spell library was empty.

Dungeon Overview and Level Annotations

Branches:
Dungeon (15/15)            Temple (1/1) D:6            Lair (5/5) D:9
  Swamp (4/4) Lair:3       Spider (4/4) Lair:3        Slime (0/5) Lair:5
    Orc (2/2) D:10            Elf (3/3) Orc:2        Vaults (5/5) D:14
  Crypt (0/3) Vaults:3     Depths (4/4) D:15            Zot (5/5) Depths:4
Ossuary (visited)           IceCv (visited)         Volcano (visited)

Altars:
Ashenzari
Cheibriados
Dithmenos
Elyvilon
Fedhas
Gozag
Hepliaklqana
Kikubaaqudgha
Makhleb
Nemelex Xobeh
Okawaru
Qazlal
Ru
Sif Muna
Trog
Uskayaw
Vehumet
Wu Jian
Xom
Yredelemnul
Zin
The Shining One
Lugonu

Shops:
D:5 *   D:8 =   Orc:2 *[[=   Elf:3 :   Vaults:1 *   Vaults:3 =[=!(
Vaults:5 ?!!!   Depths:2 [

Portals:
Hell: Depths:1 Depths:2 Depths:3 Depths:4
Abyss: Lair:5 Depths:1 Depths:2 Depths:3
Pandemonium: Depths:1 Depths:2
Ziggurat: Depths:2

Annotations:
Depths:2 exclusion: eye of devastation
Zot:3 exclusion: downstairs


Innate Abilities, Weirdness & Mutations

You have a pair of horns on your head.
You reflexively headbutt those who attack you in melee.
You have sharp toenails.
You are very frail. (-20% HP)
Your magical capacity is low. (-10% MP)
Your system is resistant to poisons. (rPois)
Your muscles are strong. (Str +4, Int/Dex -1)


Message History

You feel protected.
You block the sun demon's attack. x2; The sun demon closely misses you.
You furiously retaliate!
You headbutt the sun demon.
Okay, then.
You barely miss the sun demon. You headbutt the sun demon.
The sun demon is lightly wounded.
You block the sun demon's attack. x3
You barely miss the sun demon. Your headbutt misses the sun demon.
You block the sun demon's attack. x3
You crush the sun demon like a grape!!! You headbutt the sun demon.
You kill the sun demon!
Trog accepts your kill. The sun demon misses you. You furiously retaliate!
You headbutt the sun demon! You block the sun demon's attack. x2
You impale the sun demon!!
The sun demon is heavily wounded.
You block the sun demon's attack. x3
You impale the sun demon!!
You kill the sun demon!
Trog accepts your kill. The sun demon completely misses you.
You furiously retaliate!
You headbutt the sun demon!! You impale the sun demon!!
You kill the sun demon!
Trog accepts your kill.
There is a stone staircase leading down here.
HP restored.
You see here 3 stones.
There is a stone staircase leading up here.
You climb upwards.
There is a stone staircase leading down here.
There is a stone staircase leading up here.
You climb upwards.
There is a stone staircase leading down here.
You start to feel less resistant.
There is an open door here.
There is an open door here.
Your resistance to elements expires.
There is a staircase leading out of the dungeon here.
You have escaped!

#.##.####.# ##.#.#######.#
#.##..# #.# #..........#.#
#.###'###†###.###.####.#.#
########.......+.#.......# #.#.#
.......#.###.#+#####.#+#.# #.#.#
######.#...#.#.....#.#...# #.#.#
.#.......#.#.#.....#.#.#.# #.#.#
.....#.###.###(.>..#'#.#.## #.#)#
.....#.###.#.#..@..#.#.#..# #.#.#
...#..[....#.'.....'.#.+..# #.#.#
...#...###[#.#######.####.###.#(#
...#...#.......#.+.........##.#.#
...#.....###'###'###.###...##.#.#
...#.#.#.............###....#.#.#
#.##.#.##.....†....#...####.#....
..##.#.##..........#...###..###.#
..##...##..........#.....#.## #.#


There were no monsters in sight!

Vanquished Creatures
  2 dread liches
  An ancient lich (Vaults:5)
  3 orbs of fire
  A juggernaut (Depths:3)
  Boris (Vaults:4)
  Bai Suzhen (Elf:3)
  Saint Roka (Vaults:4)
  12 Killer Klowns
  5 curse toes
  A caustic shrike (Depths:3)
  Nikola (Spider:4)
  6 golden dragons
  Norris (Vaults:3)
  Jorgrun (Swamp:1)
  2 electric golems (Zot:5)
  20 tentacled monstrosities
  A walking crystal tome (Depths:1)
  5 deep elf blademasters
  10 quicksilver dragons
  2 titans
  Asterion (Spider:3)
  27 Orb Guardians
  2 liches
  An Executioner (Zot:5)
  25 death cobs
  6 sphinxes
  2 deep elf master archers (Elf:3)
  A walking divine tome (Depths:3)
  15 shadow dragons
  Agnes (Spider:3)
  6 tengu reavers
  21 storm dragons
  Aizul (Swamp:2)
  A thorn hunter (Swamp:1)
  12 fire giants
  Roxanne (D:15)
  2 fenstrider witches
  7 protean progenitors
  4 iron dragons
  4 deep elf sorcerers
  10 draconian monks
  8 draconian shifters
  6 frost giants
  8 draconian knights
  16 vault wardens
  7 emperor scorpions (Spider:4)
  11 ghost moths
  7 draconian scorchers
  A ghoul (Vaults:3)
  3 deep elf elementalists (Elf:3)
  3 balrugs
  4 spectral caustic shrikes (Depths:3)
  Louise (Elf:2)
  14 ironbound preservers
  4 broodmothers
  8 draconian stormcallers
  9 draconian annihilators
  An angel (Zot:2)
  2 formless jellyfish (Vaults:2)
  12 very ugly things
  2 ironbound thunderhulks
  15 stone giants
  8 deep elf demonologists
  5 deep elf death magi (Elf:3)
  2 eleionomae (Swamp:1)
  8 black draconians
  16 green draconians
  5 bunyips
  8 dire elephants
  16 spark wasps
  5 war gargoyles
  19 white draconians
  7 red draconians
  8 purple draconians
  8 yellow draconians
  8 deep elf annihilators
  Snorg (Orc:2)
  14 ettins
  A quicksilver dragon zombie (Vaults:3)
  An eidolon (Vaults:3)
  Josephine (Orc:1)
  A shambling mangrove (Swamp:4)
  5 great orbs of eyes
  9 fire dragons
  7 yaktaur captains
  9 deep elf high priests
  6 entropy weavers
  Harold (Orc:1)
  9 ice dragons
  39 vault guards
  A ghost crab (Swamp:4)
  13 alligators
  2 peacekeepers (Vaults:4)
  9 hydras (Swamp:4)
  6 ironbound frosthearts
  2 ogre magi
  7 boulder beetles
  2 jorogumos
  A rakshasa (Depths:3)
  4 spriggan air magi
  3 radroaches
  Erica (D:9)
  11 two-headed ogres
  8 centaur warriors
  5 demonic crawlers
  2 tengu warriors
  2 deep troll earth magi
  3 vampire magi
  3 deep troll shamans
  34 dancing weapons
  2 thrashing horrors (Lair:5)
  5 orc high priests
  Nergalle (Orc:1)
  2 occultists
  4 iron trolls
  5 sun demons
  8 hell knights
  A soul eater (Depths:1)
  20 deep elf knights
  5 skysharks
  8 pharaoh ants
  A golden dragon zombie (Depths:2)
  A mana viper (shapeshifter) (Vaults:5)
  6 orb spiders
  5 skeletal warriors
  2 glowing orange brains
  33 deep trolls
  6 goliath frogs
  A tengu zombie (Depths:2)
  2 sun moths
  3 spriggan druids (Swamp:4)
  9 orc knights
  A flayed ghost (Vaults:5)
  9 deep elf archers
  2 phantasmal warriors (Vaults:5)
  7 bog bodies
  8 steelbarb worms
  11 swamp dragons
  8 arcanists
  18 ironbound convokers
  A harpy (shapeshifter) (Lair:5)
  8 harpies
  14 lindwurms
  31 deep elf pyromancers
  6 necromancers
  27 deep elf zephyrmancers
  16 wolf spiders
  7 oklob plants
  3 will-o-the-wisps
  2 manticores
  4 orc sorcerers
  A fire giant skeleton (Vaults:3)
  36 moths of wrath
  A salamander (Depths:1)
  10 kobold blastminers
  41 ugly things
  9 cyclopes
  A rust devil (D:13)
  2 ice statues (IceCv)
  10 elephants
  2 large abominations (Lair:5)
  16 vault sentinels
  Joseph (D:10)
  6 black mambas
  A molten gargoyle (Volcano)
  2 torpor snails
  3 gargoyles
  A cane toad (shapeshifter) (Lair:5)
  12 cane toads
  4 rime drakes
  A smoke demon (Depths:2)
  2 hellions
  3 efreet
  12 yaktaurs
  3 freezing wraiths
  4 ice devils
  4 komodo dragons
  3 unseen horror zombies (D:9)
  2 tormentors
  6 tengu conjurers
  2 anaconda simulacra (IceCv)
  A yaktaur skeleton (Vaults:3)
  A troll (shapeshifter) (D:14)
  11 tyrant leeches
  5 polar bears
  8 trolls
  A wind drake (shapeshifter) (Depths:3)
  A merfolk (shapeshifter) (D:14)
  10 hornets
  20 tarantellas
  4 glass eyes
  A raiju (Lair:5)
  An ettin zombie (Depths:2)
  23 blink frogs
  5 dream sheep (Lair:3)
  37 jumping spiders
  6 water elementals
  2 air elementals (Elf:3)
  A shadow (D:12)
  11 small abominations (Lair:5)
  4 wyverns
  4 dire elephant simulacra (IceCv)
  14 spriggans
  A spriggan (shapeshifter) (D:14)
  27 slime creatures
  47 yaks
  4 vampires
  8 wraiths
  18 culicivoras
  3 ynoxinuls (Lair:5)
  11 vampire mosquitoes
  2 fire bats (Volcano)
  A golden eye (shapeshifter) (D:15)
  A neqoxec (D:11)
  6 basilisks
  4 wargs
  54 redbacks
  2 steam dragons (D:9)
  2 chaos spawn (Lair:5)
  A harpy simulacrum (IceCv)
  A death yak simulacrum (IceCv)
  2 acid dragons
  2 hell hounds (D:12)
  3 hydra simulacra (IceCv)
  15 swamp worms
  17 water moccasins
  17 orc warriors
  7 swamp drakes
  A sky beast (shapeshifter) (D:14)
  2 black bears
  2 ice beasts
  2 sky beasts
  14 ogres
  3 boggarts (Vaults:4)
  A laughing skull (D:8)
  9 centaurs
  7 wolves
  A phantom (D:4)
  7 kobold brigands
  Blork the orc (D:5)
  19 bullfrogs
  A gnoll sergeant (D:10)
  2 cane toad simulacra (IceCv)
  4 earth elementals
  3 scorpions
  19 wights
  A human simulacrum (Vaults:3)
  15 killer bees
  5 electric eels
  5 howler monkeys
  4 crimson imps (D:10)
  2 bullfrog zombies (Ossuary)
  3 centaur zombies (D:9)
  3 hounds
  6 lava snakes (Volcano)
  3 jellies
  15 orc priests
  4 gnoll boudas (D:10)
  Crazy Yiuf (D:2)
  5 sleepcaps
  7 iguanas
  Natasha (thrice) (D:3)
  21 orc wizards
  Ijyb (D:3)
  A polar bear simulacrum (IceCv)
  2 killer bee zombies
  3 crocodile zombies (Ossuary)
  8 hound zombies (Ossuary)
  10 mummies (Ossuary)
  Robin (D:3)
  25 gnolls
  5 howler monkey zombies
  6 adders
  A naga simulacrum (IceCv)
  2 shadow imps
  7 white imps
  3 ufetubi
  4 dart slugs
  3 ribbon worms
  76 orcs
  2 bats (D:1)
  An endoplasm (D:1)
  3 giant cockroaches
  15 goblins
  17 hobgoblins
  12 jackals
  5 quokkas
  10 ball pythons
  5 ball python zombies (Ossuary)
  4 frilled lizards
  A jackal zombie (D:7)
  30 kobolds
  8 rats
  2 aspiring fleshes
  A spectral weapon (Swamp:4)
2131 creatures vanquished.

Vanquished Creatures (collateral kills)
  An Orb Guardian (Zot:5)
  Donald (Spider:4)
  A draconian knight (Zot:3)
  4 vault wardens
  A draconian annihilator (Zot:1)
  2 black draconians
  A purple draconian (Zot:3)
  A vault guard (Vaults:1)
  A hydra (Swamp:4)
  An ironbound frostheart (Vaults:4)
  A two-headed ogre (D:11)
  A demonic crawler (Spider:4)
  2 deep elf knights (Elf:3)
  A deep troll (Vaults:2)
  2 orb spiders (Spider:4)
  A spriggan druid (Swamp:4)
  A swamp dragon (Swamp:4)
  A steelbarb worm (Spider:4)
  A steelbarb worm (shapeshifter) (Vaults:5)
  An ironbound convoker (Vaults:1)
  A deep elf archer (Elf:3)
  2 deep elf pyromancers (D:7)
  A moth of wrath (Zot:5)
  2 vault sentinels
  Maggie (D:7)
  A troll (D:10)
  A tarantella (Spider:4)
  A vampire (D:7)
  2 redbacks (Spider:4)
  A swamp worm (Swamp:4)
  2 orcs (Orc:1)
41 creatures vanquished.

Vanquished Creatures (others)
  An occultist (Depths:2)
  A deep elf zephyrmancer (Elf:3)
  A manticore (D:12)
  A slime creature (D:12)
  2 orcs (D:10)
  12 foxfires (Swamp:4)
18 creatures vanquished.

Grand Total: 2190 creatures vanquished

Notes
Turn   | Place    | Note
-------+----------+-------------------------------------------
     0 | D:1      | concernfroge the Minotaur Berserker began the quest for the
                  | Orb.
     0 | D:1      | Reached XP level 1. HP: 19/19 MP: 0/0
    33 | D:1      | Reached skill level 4 in Fighting
    73 | D:1      | Reached XP level 2. HP: 28/28 MP: 1/1
   503 | D:1      | Reached ** piety under Trog
   504 | D:1      | Reached skill level 5 in Fighting
   625 | D:1      | Reached XP level 3. HP: 36/36 MP: 2/2
  1195 | D:2      | Identified the staff of Chagrin {^Contam rN+ Dex+2 Tloc
                  | Earth}
  1456 | D:2      | Found a runed translucent door.
  1457 | D:2      | Noticed Crazy Yiuf
  1614 | D:2      | Killed Crazy Yiuf
  1615 | D:2      | Reached skill level 6 in Fighting
  1615 | D:2      | Reached XP level 4. HP: 44/44 MP: 3/3
  1878 | D:3      | Reached *** piety under Trog
  1984 | D:3      | Found an ancient bone altar of Kikubaaqudgha.
  1995 | D:3      | Noticed Ijyb
  2003 | D:3      | Killed Ijyb
  2100 | D:3      | Noticed Robin
  2126 | D:3      | Reached XP level 5. HP: 51/51 MP: 4/4
  2127 | D:3      | Killed Robin
  2128 | D:3      | Reached skill level 7 in Fighting
  2198 | D:3      | Noticed Natasha
  2203 | D:3      | Killed Natasha
  2225 | D:3      | Noticed Natasha
  2231 | D:3      | Killed Natasha
  2259 | D:3      | Noticed Natasha
  2266 | D:3      | Killed Natasha
  2270 | D:3      | Reached skill level 8 in Fighting
  2317 | D:3      | Reached XP level 6. HP: 61/61 MP: 5/5
  2562 | D:3      | Found a shimmering blue altar of Sif Muna.
  2860 | D:4      | Reached skill level 9 in Fighting
  3270 | D:4      | Found a stormy altar of Qazlal.
  3270 | D:4      | Found a radiant altar of Vehumet.
  3367 | D:4      | Found a shimmering altar of Xom.
  3367 | D:4      | Noticed an angel
  3377 | D:4      | Reached XP level 7. HP: 71/71 MP: 6/6
  3381 | D:4      | Found a glowing silver altar of Zin.
  3467 | D:4      | Reached skill level 10 in Fighting
  3580 | D:4      | Reached **** piety under Trog
  3702 | D:4      | Found an ornate altar of the Wu Jian Council.
  3766 | D:4      | Found a white marble altar of Elyvilon.
  3915 | D:5      | Entered Level 5 of the Dungeon
  4005 | D:5      | Found a sparkling altar of Nemelex Xobeh.
  4018 | D:5      | Reached skill level 5 in Axes
  4313 | D:5      | Noticed Blork the orc
  4319 | D:5      | Killed Blork the orc
  4542 | D:5      | Reached XP level 8. HP: 76/79 MP: 7/7
  4604 | D:5      | Found Peack's Assorted Antiques.
  4611 | D:5      | Bought a fizzy cyan potion for 14 gold pieces
  4611 | D:5      | Bought a cyan potion for 14 gold pieces
  4611 | D:5      | Bought a smouldering flail for 136 gold pieces
  4611 | D:5      | Identified the +4 flail of Law {freeze, rN+} (You bought it
                  | in a shop on level 5 of the Dungeon)
  4611 | D:5      | Bought a cyan potion for 14 gold pieces
  4611 | D:5      | Bought a pink potion for 14 gold pieces
  4611 | D:5      | Bought a viscous cyan potion for 14 gold pieces
  4611 | D:5      | Bought a scroll labelled CAOPPE NURUOCS for 16 gold pieces
  4611 | D:5      | Bought a scroll labelled NAFYPY HEIK for 16 gold pieces
  4952 | D:6      | Reached skill level 1 in Maces & Flails
  4981 | D:6      | Reached skill level 5 in Maces & Flails
  5149 | D:6      | Reached ***** piety under Trog
  5394 | D:6      | Found a staircase to the Ecumenical Temple.
  5430 | Temple   | Entered the Ecumenical Temple
  5655 | D:6      | Reached XP level 9. HP: 81/85 MP: 8/8
  5782 | D:6      | Found a snail-covered altar of Cheibriados.
  5928 | D:6      | Identified the +4 ring mail of Wariness {rC+}
  6217 | D:7      | Found a sand-covered staircase.
  6228 | Ossuary  | Entered an ossuary
  6380 | Ossuary  | Received a gift from Trog
  6449 | Ossuary  | Reached skill level 10 in Maces & Flails
  6932 | D:7      | Found a hide-covered altar of Uskayaw.
  7009 | D:7      | Found an iron altar of Okawaru.
  7157 | D:7      | Noticed a deep elf pyromancer
  7173 | D:7      | Killed a deep elf pyromancer
  7236 | D:7      | Noticed a deep elf pyromancer
  7246 | D:7      | Killed a deep elf pyromancer
  7247 | D:7      | Reached XP level 10. HP: 87/93 MP: 9/9
  7262 | D:7      | Noticed Maggie
  7267 | D:7      | Killed Maggie
  7268 | D:7      | Noticed a deep elf pyromancer
  7269 | D:7      | Killed a deep elf pyromancer
  7446 | D:7      | Reached skill level 5 in Armour
  8209 | D:8      | Noticed a two-headed ogre
  8214 | D:8      | Killed a two-headed ogre
  8588 | D:8      | Noticed a cyclops
  8601 | D:8      | Killed a cyclops
  8676 | D:8      | Identified the +8 war axe "Bigudes" {holy, rPois MP+9
                  | Int+3}
  8694 | D:8      | Reached skill level 10 in Armour
  8701 | D:8      | Noticed a cyclops
  8706 | D:8      | Killed a cyclops
  8707 | D:8      | Reached skill level 1 in Throwing
  8707 | D:8      | Reached skill level 1 in Evocations
  8774 | D:8      | Found Woatz's Jewellery Emporium.
  8797 | D:8      | Noticed an arcanist
  8806 | D:8      | Killed an arcanist
  8807 | D:8      | Reached XP level 11. HP: 95/99 MP: 10/10
  9586 | D:9      | Found a basalt altar of Yredelemnul.
  9808 | D:10     | Entered Level 10 of the Dungeon
  9987 | D:10     | Noticed Joseph
  9998 | D:10     | Killed Joseph
 10382 | D:10     | Found a shadowy altar of Dithmenos.
 10400 | D:10     | Found a staircase to the Orcish Mines.
 10423 | D:10     | Reached skill level 10 in Axes
 10949 | D:10     | Received a gift from Trog
 11631 | D:11     | Noticed a green ugly thing
 11639 | D:11     | Killed a green ugly thing
 11688 | D:11     | Found a frozen archway.
 11699 | IceCv    | Entered an ice cave
 11760 | IceCv    | Reached XP level 12. HP: 106/106 MP: 11/11
 12579 | IceCv    | Reached skill level 1 in Shields
 13154 | D:11     | Noticed a two-headed ogre
 13160 | D:11     | Killed a two-headed ogre
 13186 | D:11     | Reached skill level 5 in Shields
 14049 | D:12     | Noticed a two-headed ogre
 14050 | D:12     | Reached skill level 10 in Shields
 14071 | D:12     | Killed a two-headed ogre
 14185 | D:12     | Reached skill level 5 in Dodging
 14185 | D:12     | Reached XP level 13. HP: 113/113 MP: 12/12
 14356 | D:12     | Identified the +9 quarterstaff of a bazaar {freeze, Dex+3}
 14620 | D:13     | Found a hazy altar of Hepliaklqana.
 15904 | D:14     | Reached skill level 10 in Dodging
 15931 | D:14     | Received a gift from Trog
 16091 | D:14     | Found a gate to the Vaults.
 16343 | D:15     | Entered Level 15 of the Dungeon
 16349 | D:15     | Reached skill level 5 in Throwing
 16379 | D:15     | Reached skill level 5 in Evocations
 17032 | D:15     | Noticed an ettin
 17041 | D:15     | Killed an ettin
 17160 | D:15     | Found a staircase to the Depths.
 17332 | D:15     | Reached skill level 11 in Fighting
 17396 | D:15     | Noticed Roxanne
 17690 | D:15     | Killed Roxanne
 17691 | D:15     | Reached XP level 14. HP: 124/124 MP: 4/13
 18527 | D:9      | Found a staircase to the Lair.
 18536 | D:9      | Identified the +3 trident of Compound Interest {vamp, Str+3
                  | SInv}
 18630 | D:9      | Noticed Erica
 18642 | D:9      | Killed Erica
 18717 | Lair:1   | Entered Level 1 of the Lair of Beasts
 18798 | Lair:1   | Reached skill level 12 in Fighting
 19559 | Lair:2   | Found a dark tunnel.
 19568 | Volcano  | Entered a volcano
 19943 | Volcano  | Found a bloodstained altar of Trog.
 20814 | Lair:2   | Found an ancient bone altar of Kikubaaqudgha.
 20829 | Lair:2   | Identified the +1 pair of gloves of Feasting {rC+ Will+
                  | Int+3 Slay+2}
 21459 | D:8      | Bought a ring of flight for 262 gold pieces
 21521 | Lair:2   | Identified the +4 shortbow "concernfroge's Peril" {speed,
                  | rC+ Int+4}
 21835 | Lair:3   | Found a hole to the Spider Nest.
 21843 | Lair:3   | Received a gift from Trog
 21857 | Lair:3   | Reached skill level 13 in Fighting
 22181 | Lair:3   | Found a staircase to the Swamp.
 22898 | Lair:4   | Identified the +1 leather armour "Yckefiall" {rPois}
 22995 | Lair:4   | Reached skill level 14 in Fighting
 23459 | Lair:4   | Reached XP level 15. HP: 127/138 MP: 14/14
 23565 | Lair:5   | Entered Level 5 of the Lair of Beasts
 23778 | Lair:5   | Received a gift from Trog
 24038 | Lair:5   | Identified the +11 morningstar of Ashenzari's Delight
                  | {heavy, rElec rPois Str+2}
 24122 | Lair:5   | Found a corrupted altar of Lugonu.
 24122 | Lair:5   | Found a one-way gate to the infinite horrors of the Abyss.
 24344 | Lair:5   | Found a staircase to the Slime Pits.
 25148 | Orc:1    | Entered Level 1 of the Orcish Mines
 25160 | Orc:1    | Noticed Josephine
 25170 | Orc:1    | Killed Josephine
 25279 | Orc:2    | Entered Level 2 of the Orcish Mines
 25867 | Orc:2    | Found a staircase to the Elven Halls.
 25942 | Orc:2    | Noticed Snorg
 25950 | Orc:2    | Killed Snorg
 26406 | Orc:2    | Found Xuacos's Assorted Antiques.
 26406 | Orc:2    | Found Terroucyuq's Antique Armour Shoppe.
 26408 | Orc:2    | Found Siav's Antique Armour Shop.
 26408 | Orc:2    | Found Layguec's Jewellery Shoppe.
 26596 | Orc:1    | Noticed Nergalle
 26598 | Orc:1    | Noticed Harold
 26605 | Orc:1    | Killed Nergalle
 26608 | Orc:1    | Killed Harold
 26609 | Orc:1    | Reached skill level 10 in Throwing
 26912 | Orc:1    | You fall into a shaft and drop 1 floor!
 27091 | Orc:2    | Bought a potion of might for 120 gold pieces
 27216 | D:8      | Bought the amulet of Fezeoj {Will++ Regen+ Dex+3} for 859
                  | gold pieces
 27304 | Swamp:1  | Entered Level 1 of the Swamp
 27372 | Swamp:1  | Noticed Jorgrun
 27396 | Lair:3   | Reached skill level 10 in Evocations
 27472 | Swamp:1  | Killed Jorgrun
 27523 | Swamp:1  | Identified the +5 short sword of Eternal Vigilance {heavy,
                  | *Noise rPois Dex+4}
 27584 | Swamp:1  | Reached XP level 16. HP: 144/146 MP: 15/15
 27642 | Swamp:1  | Noticed a thorn hunter
 27651 | Swamp:1  | Killed a thorn hunter
 28086 | Swamp:2  | Identified the serpent talisman of Owidem {rF+ rN+ Dex+3}
 28086 | Swamp:2  | Noticed Aizul
 28098 | Swamp:2  | Killed Aizul
 29183 | Swamp:3  | Received a gift from Trog
 29390 | Spider:1 | Entered Level 1 of the Spider Nest
 29509 | Spider:1 | Reached skill level 15 in Fighting
 30231 | Spider:2 | Reached skill level 16 in Fighting
 30316 | Spider:2 | Received a gift from Trog
 30792 | Spider:2 | Reached XP level 17. HP: 157/157 MP: 16/16
 31173 | Spider:3 | Reached skill level 15 in Armour
 31173 | Spider:3 | Reached skill level 15 in Shields
 31323 | Spider:3 | Received a gift from Trog
 32224 | Spider:4 | Entered Level 4 of the Spider Nest
 32338 | Spider:4 | Noticed Asterion
 32357 | Spider:3 | Killed Asterion
 32404 | Spider:4 | Noticed Agnes
 32416 | Spider:3 | Killed Agnes
 32717 | Spider:4 | Noticed Nikola
 32731 | Spider:4 | Killed Nikola
 32732 | Spider:4 | Reached skill level 17 in Fighting
 32988 | Spider:4 | Noticed Donald
 32996 | Spider:4 | Killed Donald
 32996 | Spider:4 | Received a gift from Trog
 32997 | Spider:4 | Reached skill level 18 in Fighting
 33327 | Spider:4 | Got a gossamer rune of Zot
 33819 | Swamp:4  | Entered Level 4 of the Swamp
 33940 | Swamp:4  | Reached XP level 18. HP: 155/172 MP: 17/17
 33998 | Swamp:4  | Noticed a tentacled monstrosity
 34010 | Swamp:4  | Killed a tentacled monstrosity
 34445 | Swamp:4  | Received a gift from Trog
 34564 | Swamp:4  | Got a decaying rune of Zot
 34972 | Elf:1    | Entered Level 1 of the Elven Halls
 34996 | Elf:1    | Found a radiant altar of Vehumet.
 35998 | Elf:2    | Noticed Louise
 36011 | Elf:2    | Killed Louise
 36144 | Elf:2    | Reached skill level 19 in Fighting
 36366 | Elf:2    | Found a runed translucent gate.
 36367 | Elf:2    | Found a runed translucent gate.
 36367 | Elf:2    | Found a runed translucent gate.
 36501 | Elf:2    | Reached ****** piety under Trog
 36517 | Elf:2    | Received a gift from Trog
 36533 | Elf:2    | Reached skill level 20 in Fighting
 36825 | Elf:2    | Reached XP level 19. HP: 185/185 MP: 18/18
 37408 | Elf:3    | Entered Level 3 of the Elven Halls
 37545 | Elf:3    | Received a gift from Trog
 37815 | Elf:3    | Found Tetrugasmo's Vocational Training.
 37944 | Elf:3    | Identified the ring of the Scarab {Fire *Slow rN+ Will++
                  | Dex+3}
 37951 | Elf:3    | Noticed Bai Suzhen
 37969 | Elf:3    | Killed Bai Suzhen
 38229 | Elf:3    | Identified the +8 scimitar "Wekaug" {flame, Fly}
 38654 | Elf:3    | Noticed a Brimstone Fiend
 38879 | Elf:3    | Identified the +8 morningstar "Qoohuhit" {venom, *Slow
                  | Str+2 Dex+3}
 38937 | Elf:3    | Identified the ring "Vemn" {rPois EV+5 Int+3}
 38975 | Elf:3    | Paralysed by an air elemental for 1 turns
 39008 | Elf:3    | Identified the death talisman of Zaich {rC++ Str+2}
 39167 | Elf:3    | Identified the +1 shortbow "Beiroyge" {flame, rC+}
 39484 | Vaults:1 | Entered Level 1 of the Vaults
 39597 | Vaults:1 | Received a gift from Trog
 39909 | Vaults:1 | Found Cuofan's General Store.
 40067 | Vaults:1 | Reached XP level 20. HP: 193/193 MP: 19/19
 40857 | Vaults:2 | Received a gift from Trog
 41020 | Vaults:2 | Identified the +8 battleaxe "Zotem" {drain, *Rage rN+
                  | Stlth+}
 41504 | Vaults:3 | Found Boteovio's Jewellery Shoppe.
 41573 | Vaults:3 | Found a staircase to the Crypt.
 41997 | Vaults:3 | Reached skill level 21 in Fighting
 42042 | Vaults:3 | Noticed Norris
 42059 | Vaults:3 | Killed Norris
 42399 | Vaults:3 | Found Enonyoho's Jewellery Boutique.
 42486 | Vaults:3 | Found Puapisit's Antique Weapon Shop.
 42491 | Vaults:3 | Found Colu's Distillery.
 42499 | Vaults:3 | Bought a potion of heal wounds for 105 gold pieces
 42503 | Vaults:3 | Found Loasilli's Armour Boutique.
 42581 | Vaults:3 | Identified the +8 quarterstaff "Biwenofi" {freeze, ^Contam
                  | Fly Int+4}
 42687 | Vaults:3 | Reached skill level 22 in Fighting
 42958 | Vaults:3 | Bought the amulet of Dohe Nasa {Reflect rF+ rN+ SH+5
                  | Stlth+} for 663 gold pieces
 43007 | Vaults:3 | Bought the quicksilver dragon scales of the Yeti {Will+
                  | Regen+ Int+4} for 904 gold pieces
 43030 | Vaults:3 | Reached XP level 21. HP: 207/207 MP: 20/20
 43150 | Vaults:4 | Reached XP level 22. HP: 215/215 MP: 21/21
 43425 | Vaults:4 | Identified the +0 leather armour of the Turtle {+Blink
                  | rPois rC+++ Slay-3}
 43622 | Vaults:4 | Noticed Saint Roka
 43641 | Vaults:4 | Killed Saint Roka
 44085 | Vaults:4 | Noticed Boris
 44107 | Vaults:4 | Killed Boris
 44108 | Vaults:4 | Reached skill level 15 in Dodging
 44206 | Vaults:4 | Received a gift from Trog
 44312 | Vaults:5 | Entered Level 5 of the Vaults
 44624 | Vaults:5 | Noticed an ancient lich
 44922 | Vaults:5 | Identified the +8 flail "Ekhluum" {vamp, +Blink rPois rF-
                  | Int+7}
 45000 | Vaults:5 | Noticed a dread lich
 45007 | Vaults:5 | Killed a dread lich
 45030 | Vaults:5 | Noticed a golden dragon
 45039 | Vaults:5 | Killed a golden dragon
 45177 | Vaults:5 | Found Tawnoiff's Magic Scroll Shoppe.
 45179 | Vaults:5 | Found Eghol's Distillery.
 45241 | Vaults:5 | Found Otorem's Distillery.
 45245 | Vaults:5 | Found Rabboll's Distillery.
 45246 | Vaults:5 | Bought a potion of heal wounds for 65 gold pieces
 45253 | Vaults:5 | Bought a potion of heal wounds for 115 gold pieces
 45310 | Vaults:5 | Killed an ancient lich
 45311 | Vaults:5 | Reached XP level 23. HP: 223/223 MP: 22/22
 45383 | Vaults:5 | Received a gift from Trog
 45416 | Vaults:5 | Identified the +1 pair of gloves of the Battered Deaths
                  | {MP-9 Str+7 Int-2 Dex+3}
 45629 | Vaults:5 | Identified the +0 war axe of Ixaurph {heavy, rC+}
 45677 | Vaults:5 | Identified the +1 trident of Migaes {heavy, rPois}
 45917 | Vaults:5 | Got a silver rune of Zot
 46233 | Vaults:5 | Bought a potion of experience for 1150 gold pieces
 46251 | Vaults:5 | Bought a potion of resistance for 130 gold pieces
 46251 | Vaults:5 | Bought a potion of resistance for 130 gold pieces
 46269 | Vaults:5 | Bought a potion of resistance for 130 gold pieces
 46352 | Vaults:3 | Bought a potion of resistance for 210 gold pieces
 46354 | Vaults:3 | Bought a potion of invisibility for 168 gold pieces
 46533 | Depths:1 | Entered Level 1 of the Depths
 46966 | Depths:1 | Found a radiant altar of Vehumet.
 47220 | Depths:1 | Found a one-way gate leading to the halls of Pandemonium.
 47341 | Depths:1 | Found a gateway to Hell.
 47602 | Depths:2 | Found a one-way gateway to a ziggurat.
 47836 | Depths:2 | Received a gift from Trog
 48133 | Depths:2 | Found Podec's Antique Armour Boutique.
 48821 | Depths:3 | Found a corrupted altar of Lugonu.
 48868 | Depths:3 | Reached skill level 23 in Fighting
 49131 | Depths:3 | Noticed a juggernaut
 49145 | Depths:3 | Killed a juggernaut
 49229 | Depths:3 | Noticed a caustic shrike
 49239 | Depths:3 | Killed a caustic shrike
 49240 | Depths:3 | Reached skill level 24 in Fighting
 49494 | Depths:3 | Reached XP level 24. HP: 200/238 MP: 22/22
 49798 | Depths:4 | Entered Level 4 of the Depths
 50093 | Depths:4 | Found a sparkling altar of Nemelex Xobeh.
 50436 | Depths:4 | Found a gate to the Realm of Zot.
 50529 | Depths:4 | Received a gift from Trog
 50971 | Zot:1    | Entered Level 1 of the Realm of Zot
 51449 | Zot:1    | You fall into a shaft and drop 1 floor!
 53196 | Zot:2    | Noticed a Killer Klown
 53212 | Zot:2    | Killed a Killer Klown
 53410 | Zot:2    | Reached skill level 15 in Throwing
 53518 | Zot:2    | Reached skill level 15 in Evocations
 54330 | Zot:3    | Reached XP level 25. HP: 209/245 MP: 18/22
 55156 | Zot:3    | Noticed a Killer Klown
 55189 | Zot:3    | Killed a Killer Klown
 55366 | Zot:3    | Noticed an orb of fire
 55373 | Zot:3    | Gained mutation: You are frail. (-10% HP) [an orb of fire]
 55379 | Zot:3    | Gained mutation: You have hidden genetic defects. [an orb
                  | of fire]
 55380 | Zot:3    | Gained mutation: You are very frail. (-20% HP) [an orb of
                  | fire]
 55383 | Zot:3    | Gained mutation: You have terrible hidden genetic defects.
                  | [an orb of fire]
 55384 | Zot:3    | Gained mutation: Your magical capacity is low. (-10% MP)
                  | [an orb of fire]
 55386 | Zot:3    | Killed an orb of fire
 55401 | Zot:3    | Noticed a Killer Klown
 55412 | Zot:3    | Killed a Killer Klown
 55687 | Zot:3    | Reached skill level 25 in Fighting
 56284 | Zot:3    | Gained mutation: Your magical capacity is very low. (-20%
                  | MP) [hidden defects]
 56402 | Zot:4    | Reached skill level 26 in Fighting
 57752 | Zot:5    | Entered Level 5 of the Realm of Zot
 57816 | Zot:4    | Gained mutation: You are weak. (Str -2) [hidden defects]
 57816 | Zot:4    | Lost mutation: You have terrible hidden genetic defects.
                  | [hidden defects expressed]
 58269 | Zot:5    | Received a gift from Trog
 58616 | Zot:5    | Reached XP level 26. HP: 170/201 MP: 17/17
 58705 | Zot:5    | Gained mutation: Your body sometimes deteriorates upon
                  | taking damage. [hidden defects]
 59379 | Zot:5    | Noticed an orb of fire
 59383 | Zot:5    | Gained mutation: Potions are less effective at restoring
                  | your health. [an orb of fire]
 59389 | Zot:5    | Gained mutation: You are agile. (Dex +4, Str/Int -1) [an
                  | orb of fire]
 59390 | Zot:5    | Gained mutation: You are very agile. (Dex +8, Str/Int -2)
                  | [an orb of fire]
 59392 | Zot:5    | Killed an orb of fire
 59606 | Zot:5    | Gained mutation: You are dopey. (Int -2) [hidden defects]
 59606 | Zot:5    | Lost mutation: You have hidden genetic defects. [hidden
                  | defects expressed]
 59953 | Zot:5    | Noticed an orb of fire
 59956 | Zot:5    | Noticed an orb of fire
 59965 | Zot:5    | Gained mutation: You sometimes lose your temper in combat.
                  | [an orb of fire]
 59968 | Zot:5    | Killed an orb of fire
 60130 | Zot:4    | Lost mutation: Your magical capacity is very low. (-20% MP)
                  | [potion of mutation]
 60130 | Zot:4    | Lost mutation: Your body sometimes deteriorates upon taking
                  | damage. [potion of mutation]
 60130 | Zot:4    | Lost mutation: Potions are less effective at restoring your
                  | health. [potion of mutation]
 60130 | Zot:4    | Gained mutation: You are extremely frail. (-30% HP) [potion
                  | of mutation]
 60131 | Zot:4    | Lost mutation: You sometimes lose your temper in combat.
                  | [potion of mutation]
 60131 | Zot:4    | Lost mutation: You are weak. (Str -2) [potion of mutation]
 60131 | Zot:4    | Lost mutation: You are extremely frail. (-30% HP) [potion
                  | of mutation]
 60132 | Zot:4    | Lost mutation: You are very agile. (Dex +8, Str/Int -2)
                  | [potion of mutation]
 60132 | Zot:4    | Lost mutation: You are agile. (Dex +4, Str/Int -1) [potion
                  | of mutation]
 60132 | Zot:4    | Lost mutation: You are dopey. (Int -2) [potion of mutation]
 60132 | Zot:4    | Gained mutation: Your system is resistant to poisons.
                  | (rPois) [potion of mutation]
 60132 | Zot:4    | Gained mutation: You have sharp toenails. [potion of
                  | mutation]
 60132 | Zot:4    | Gained mutation: Your muscles are strong. (Str +4, Int/Dex
                  | -1) [potion of mutation]
 60202 | Zot:5    | Noticed a dread lich
 60219 | Zot:5    | Killed a dread lich
 60561 | Zot:5    | Got the Orb of Zot
 60759 | Zot:3    | Noticed a seraph
 60882 | Depths:1 | Noticed Omyu the pandemonium lord
 61274 | D:$      | Escaped with the Orb!

Illustrated notes

Levels and vault maps discovered:
D:1:      shiori_arrival_maze, layout_basic, dk_noncrumbling_4
D:2:      layout_rooms, minmay_misc_feat_doors, uniq_crazy_yiuf_cottage
D:3:      cheibrodos_helix_gallery, layout_loops_ring, amcnicky_altar_gilded,
          led_sif_pool, minmay_fountain_box, corner_web_ring, uniq_robin,
          uniq_ijyb, uniq_natasha
D:4:      corexii_shantytown, layout_rooms, jmf_multi_god_temple,
          nicolae_wu_jian_glorious_leap, marbit_many_paths,
          grunt_temple_overflow_order_and_chaos_1,
          chequers_serial_rivers_large_a, serial_library_hellmonk_filled_rooms
D:5:      layout_basic, mainiacjoe_overflow_six_doors_small,
          nicolae_wooded_promenade, uniq_blork_the_orc
D:6:      layout_loops_corners, mainiacjoe_overflow_alcove_1, temple_pool_b,
          minmay_starry_boxes
D:7:      layout_loops_ring, kennysheep_little_box,
          mainiacjoe_overflow_alcove_4, serial_library,
          serial_library_hellmonk_reading_circle,
          serial_library_hellmonk_room_a, serial_library_hellmonk_open_cross,
          serial_library_hellmonk_junction, serial_library_hellmonk_u_bend,
          serial_library_hellmonk_room_c, serial_library_hellmonk_hallway_b,
          serial_library_hellmonk_octagon, serial_library_hellmonk_secret_room,
          enter_ossuary_3, uniq_maggie
D:8:      minmay_the_grid_four_pointed_star
          [minmay_the_grid_triangle_9x9_minimal,
          minmay_the_grid_triangle_9x9_wacky_v,
          minmay_the_grid_triangle_9x9_odd_lines,
          minmay_the_grid_triangle_9x9_corruption,
          minmay_the_grid_prize_four_corners_diamond_a], layout_basic,
          serial_shops, nicolae_shop_trees
D:9:      layout_basic, nicolae_yredelemnul_corpse_copse, dpeg_oklobed_lair,
          uniq_erica
D:10:     kennysheep_seaside_town, layout_grid_maze,
          mainiacjoe_overflow_24_doors, kennysheep_orc_monster_closet_entryway,
          minmay_strange_pillars, minivault_26, minmay_fire_ice_demons,
          uniq_joseph
D:11:     layout_stronghold, portal_ice_cave_entry_pillars_1
D:12:     layout_big_octagon, minmay_misc_feat_enclosed, lightli_corner_chamber
D:13:     layout_basic, nicolae_hepliaklqana_hazy_memory
D:14:     layout_rooms, david_vaults_2, minmay_misc_feat_diagonals
D:15:     hangedman_depths_entry_civil_slaughter, layout_cave_pods,
          wad_floor_pattern_untrapped, nicolae_letterblocks
          [nicolae_letter_subblock, nicolae_letter_subblock,
          nicolae_letter_subblock, nicolae_letter_subblock,
          nicolae_letter_subblock, nicolae_letter_subblock,
          nicolae_letter_subblock, nicolae_letter_subblock,
          nicolae_letter_subblock, nicolae_letter_subblock,
          nicolae_letter_subblock, nicolae_letter_subblock,
          nicolae_letter_subblock, nicolae_letter_subblock,
          nicolae_letter_subblock, nicolae_letter_subblock,
          nicolae_letter_subblock, nicolae_letter_subblock,
          nicolae_letter_subblock, nicolae_letter_subblock,
          nicolae_letter_subblock, nicolae_letter_subblock,
          nicolae_letter_subblock, nicolae_letter_subblock,
          nicolae_letter_subblock], uniq_roxanne
Temple:   nicolae_temple_ecumenical_triangle
Lair:1:   layout_roguey
Lair:2:   wad_woods_stonehenge, layout_chaotic_city,
          lightli_volcano_entry_magma_tube, minmay_lindwurm_lava
Lair:3:   layout_cave_pods, mainiacjoe_swamp_entry_lozenge_pond,
          nicolae_spider_entry_lesser_pyramids, lemuel_fruit_tree
Lair:4:   minmay_lair_oklob_tunnel, layout_cave_shapes,
          infiniplex_staircase_pool
Lair:5:   hellmonk_lair_end_abyssal_woods, layout_hall_layers,
          minmay_slime_entry_oklob_enclosed, gauntlet_entry_generic,
          minmay_stone_trees_small
Swamp:1:  layout_basic_swamp, evilmike_swamp_ruin_house_6, uniq_jorgrun
Swamp:2:  layout_falls_marsh, evilmike_swamp_ruin_house_3, swamp_pool_1_2,
          nicolae_swamp_tree_isthmus, uniq_aizul
Swamp:3:  layout_basic_swamp, nicolae_swamp_stuck_in_the_mud,
          nicolae_swamp_decorative_isthmus
Swamp:4:  swamp_alternative, layout_basic_swamp, infiniplex_staircase_pool_2
Spider:1: layout_spider_delve
Spider:2: layout_spider_delve, nicolae_spider_bzzzt
Spider:3: layout_cave_pods
Spider:4: guppyfry_spider_rune, einodemon_crawler_minivault, uniq_agnes,
          uniq_asterion, uniq_donald, uniq_nikola
Orc:1:    layout_caves, uniq_josephine, uniq_harold, uniq_nergalle
Orc:2:    grunt_orc_tribal_feast, layout_caves, minmay_orc_temple_a, uniq_snorg
Elf:1:    eino_elf_arrival_altar, layout_gridlike, minmay_elf_sorcery,
          minmay_misc_feat_cross
Elf:2:    nicolae_elf_blades_crystal_corner, layout_geoelf_octagon,
          hellmonk_elf_help, uniq_louise
Elf:3:    minmay_elf_hall_not_hex, layout_geoelf_diagonals,
          nicolae_shop_vocational, grunt_megastairs_3, uniq_bai_suzhen
Vaults:1: hangedman_vaults_restitches, nicolae_vaults_theta,
          ontoclasm_vaults_pinch, nicolae_vaults_diagonal_hallway_7,
          nicolae_vaults_little_squares_2, hangedman_vaults_nails,
          nicolae_vaults_little_squares_6, nicolae_vaults_house_1,
          hangedman_vaults_stream, nicolae_vaults_asterisk, vaults_dpeg_ring,
          grunt_vaults_trifunnel, ontoclasm_vaults_ring_large,
          nicolae_vaults_trapezoid_4, nicolae_vaults_double_plus_1,
          layout_vaults_maze_snakey, serial_shops, shop
Vaults:2: nicolae_vaults_house_1, v_rooms_1, nicolae_vaults_little_squares_5,
          ontoclasm_vaults_idyll, v_misc_2, nicolae_vaults_house_3,
          nicolae_vaults_house_1, nicolae_vaults_six-pack,
          nicolae_vaults_diamond_2, v_alt_pattern_4, v_misc_25,
          layout_vaults_ring
Vaults:3: v_misc_17, nicolae_vaults_fighting_squares,
          nicolae_vaults_trapezoid_lopsided_4, nicolae_vaults_yaktaur_gun_rack,
          minmay_crypt_entry_simple_plaza, nicolae_vaults_little_ls,
          hangedman_vaults_corner_blocks, nicolae_vaults_tetromino_T_1,
          hangedman_vaults_trim, vaults_room_pools, grunt_vaults_diagonal,
          nicolae_vaults_trapezoid_2, nicolae_vaults_double_plus_1,
          nicolae_vaults_diamond_1, layout_vaults_omnicross, serial_shops,
          nicolae_shop_tiny_real_fake_doors, nicolae_shop_dealshenge,
          nicolae_lakefront_shop, nicolae_shop_gaudy_bauble,
          nicolae_shop_peninsula, uniq_norris
Vaults:4: v_misc_3, nicolae_vaults_house_1, grunt_vaults_funnel,
          serial_library_regret_index_small_wings, nicolae_vaults_swerve,
          v_misc_3, nicolae_vaults_tangram_1, nicolae_vaults_storage_closets_1,
          vaults_room_door_ring, nicolae_vaults_big_ls,
          nicolae_vaults_trapezoid_3, nicolae_vaults_tangram_1,
          layout_vaults_omnibox, uniq_boris, uniq_saint_roka
Vaults:5
Depths:1: layout_gridlike, pf_dread_powers_of_hell, nicolae_vehumet_altar_sigil,
          abyss_entry, rand_demon_pan_entry_5, kennysheep_generic_room_9
Depths:2: nicolae_cairo_tiling_large_dashed, layout_gridlike, enter_ziggurat_c,
          nicolae_abyss_entry_one_way_or_another, rand_demon_pan_entry_4,
          serial_shops, nicolae_lakefront_shop, hell_entry
Depths:3: evilmike_hourglass, layout_cave_pools, hangedman_decor_diamond_cutter,
          pf_hell_entry_tar_river, abyss_entry_flame_altar,
          amcnicky_mini_pool_small
Depths:4: evilmike_zot_entry_argh, layout_cave_pools, hell_entry, st_stairs_2,
          nemelex_diamond_rough_becter, uniq_margery
Zot:1:    layout_cathedral_of_symmetry, regret_index_zotdec_tunneler,
          grunt_megastairs_1
Zot:2:    layout_concentric_octagons, regret_index_zotdec_obsidian_hm
Zot:3:    bobbens_index_wilting_gardens, layout_gridville
Zot:4:    layout_misc_corridors
Zot:5:    layout_basic

Skill      XL: |  1  2  3  4  5  6  7  8  9 10 11 12 13 14 15 16 17 18 19 20 21 22 23 24 25 26 |
---------------+-------------------------------------------------------------------------------+-----
Fighting       | 4 5 6 8 9 10 11 14 16 18 20 22 24 26 | 26.5
Axes           | 7 12 13 | 13.8
Maces & Flails | 8 12 13 | 13.6
Armour         | 10 12 14 16 18 20 22 24 | 24.0
Throwing       | 2 4 6 10 11 12 15 16 | 16.0
Evocations     | 2 4 6 10 12 15 16 | 16.0
Dodging        | 5 10 11 13 19 20 | 20.0
Shields        | 10 12 14 16 18 20 22 24 | 24.0

Action                     |  1- 3 |  4- 6 |  7- 9 | 10-12 | 13-15 | 16-18 | 19-21 | 22-24 | 25-27 || total
---------------------------+-------+-------+-------+-------+-------+-------+-------+-------+-------++-------
  Melee: Hand axe          |    99 |       |       |       |       |       |       |       |       ||    99
         Headbutt          |    14 |    16 |    53 |    93 |   228 |   195 |   209 |   422 |   254 ||  1484
         Quarterstaff      |       |    63 |       |       |       |       |       |       |       ||    63
         War axe           |       |    64 |    81 |   372 |   804 |    33 |       |    14 |       ||  1368
         Punch             |       |     1 |     1 |     4 |       |       |       |       |       ||     6
         Flail             |       |       |   221 |    94 |       |       |       |       |       ||   315
         Mace              |       |       |       |       |    24 |       |       |       |       ||    24
         Morningstar       |       |       |       |       |   145 |   903 |   791 |  1331 |   802 ||  3972
  Throw: Dart              |       |       |       |     6 |   106 |     7 |    25 |    21 |     1 ||   166
         Throwing net      |       |       |       |     1 |       |       |       |     2 |       ||     3
         Boomerang         |       |       |       |     3 |    93 |   104 |     5 |    36 |    11 ||   252
         Javelin           |       |       |       |       |     7 |       |     7 |       |     4 ||    18
 Invoke: Berserk           |     1 |     4 |     1 |     7 |    11 |    13 |     7 |    10 |     6 ||    60
         Trog's Hand       |       |     1 |     3 |     6 |    15 |    15 |    22 |    48 |    21 ||   131
         Brothers in Arms  |       |       |     2 |     2 |     3 |     3 |     6 |     5 |     2 ||    23
  Evoke: Wand              |       |       |       |     1 |    17 |    29 |     9 |    19 |     5 ||    80
         Phial of floods   |       |       |       |       |     1 |     2 |       |     2 |       ||     5
         Tin of tremorston |       |       |       |       |       |       |       |     2 |       ||     2
         Box of beasts     |       |       |       |       |       |       |       |       |     1 ||     1
         Phantom mirror    |       |       |       |       |       |       |       |       |     1 ||     1
    Use: Scroll            |       |       |    10 |    16 |    12 |     7 |     5 |     9 |     6 ||    65
         Potion            |       |       |     2 |     1 |     1 |     5 |     7 |     2 |    20 ||    38
   Stab: Distracted        |       |       |       |     1 |     2 |       |       |     1 |     2 ||     6
         Invisible         |       |       |       |     1 |       |       |       |       |       ||     1
         Sleeping          |       |       |       |       |       |       |       |     1 |       ||     1
         Held in net/web   |       |       |       |       |       |       |       |     2 |       ||     2
 Armour: Animal skin       |     4 |       |       |       |       |       |       |       |       ||     4
         Scale mail        |    49 |    55 |       |       |       |       |       |       |       ||   104
         Leather armour    |       |    43 |       |       |       |       |       |       |       ||    43
         Plate armour      |       |       |   127 |    73 |   655 |   879 |   483 |       |       ||  2217
         Ring mail         |       |       |    54 |   200 |       |       |       |       |       ||   254
         Quicksilver drago |       |       |       |       |       |       |     3 |   766 |   611 ||  1380
         Skin              |       |       |       |       |       |       |       |       |     8 ||     8
  Dodge: Dodged            |    61 |    93 |   123 |   213 |   335 |   415 |   200 |   485 |   402 ||  2327
  Block: Kite shield       |       |       |       |    31 |   489 |   720 |    33 |       |       ||  1273
         Reflection        |       |       |       |       |       |    13 |     8 |    55 |    27 ||   103
         Tower shield      |       |       |       |       |       |       |   780 |  1686 |  1251 ||  3717
